 Dungeon Crawl Stone Soup version 0.31-a0-222-gefeffbb62a (webtiles) character file.

Game seed: 10444604563269879755

14 qw the Shooter (level 2, -7/24 HPs)
             Began as a Minotaur Hexslinger on July 4, 2023.
             Mangled by Sigmund
             ... wielding a +0 scythe
              (11 damage)
             ... on level 2 of the Dungeon.
             The game lasted 00:00:14 (902 turns).

qw the Shooter (Minotaur Hexslinger)                 Turns: 902, Time: 00:00:14

Health: -7/24      AC:  3    Str: 12    XL:     2   Next: 31%
Magic:  2/2        EV: 12    Int: 10    God:
Gold:   35         SH:  0    Dex: 12    Spells: 2/3 levels left

rFire   . . .        Y - +1 sling
rCold   . . .        (no shield)
rNeg    . . .        c - +0 robe
rPois   .            (helmet restricted)
rElec   .            (no cloak)
rCorr   .            (no gloves)
SInv    .            g - +0 pair of boots
Will    .....        (no amulet)
Stlth   +            (no ring)
HPRegen 0.24/turn    (no ring)
MPRegen 0.08/turn

%: no passive effects
@: no status effects
A: horns 2, retaliatory headbutt
a: no special abilities


You were on level 2 of the Dungeon.
You visited 1 branch of the dungeon, and saw 2 of its levels.

You collected 35 gold pieces.


Innate Abilities, Weirdness & Mutations

You have a pair of horns on your head.
You reflexively headbutt those who attack you in melee.


   Skills:
 + Level 1.8 Fighting
 - Level 3.1 Ranged Weapons
 - Level 2.1 Dodging
 - Level 1.0 Spellcasting
 - Level 2.0 Hexes


You had 2 spell levels left.
You knew the following spells:

 Your Spells              Type           Power      Damage    Failure   Level
a - Slow                  Hex            16%        N/A       16%         1

Your spell library contained the following spells:

 Spells                   Type           Power      Damage    Failure   Level
 Inner Flame              Hex/Fire       2%         N/A       56%         3
 Portal Projectile        Hex/Tloc       4%         N/A       56%         3
 Cause Fear               Hex            2%         N/A       83%         4

Inventory:

Hand Weapons
 Y - a +1 sling (weapon)
Armour
 c - a +0 robe (worn)
 g - a +0 pair of boots (worn)
Scrolls
 a - 2 scrolls of identify {unknown}
Potions
 b - a potion of mutation {unknown}
 e - a potion of berserk rage {unknown}
 h - a potion of curing {unknown}

Dungeon Overview and Level Annotations

Branches:
Dungeon (2/15)

Altars:

Annotations:
D:2 Sigmund


Message History

You shoot a sling bullet. The sling bullet hits the hobgoblin.
The hobgoblin is moderately wounded.
Sigmund casts a spell.
Sigmund flickers and vanishes!
Deactivating autopickup; reactivate with Ctrl-A.
You shoot a sling bullet. Something hits you!
888 ||| FLEEEEING.
889 ||| STILL FLEEEEING.
890 ||| STILL FLEEEEING.
891 ||| FLEEEEING.
892 ||| FLEEEEING.
893 ||| STILL FLEEEEING.
894 ||| FLEEEEING.
895 ||| STILL FLEEEEING.
896 ||| STILL FLEEEEING.
You hear a zap.
You hear a grinding noise.
897 ||| FLEEEEING.
A giant cockroach comes into view.
You shoot a sling bullet.
The sling bullet barely misses the giant cockroach.
The giant cockroach bites you but does no damage. x2
Something hits you.
You shoot a sling bullet.
The sling bullet barely misses the giant cockroach.
The giant cockroach bites you.
You shoot a sling bullet.
The sling bullet hits the giant cockroach but does no damage.
The giant cockroach bites you. Something hits you but does no damage.
You hear a zap.
You hear a grinding noise.
The giant cockroach misses you.
You shoot a sling bullet.
The sling bullet barely misses the giant cockroach.
You hear some strange, mumbled words.
A puff of flame appears from out of thin air!
The puff of flame hits you! The giant cockroach bites you.
You shoot a sling bullet.
The sling bullet hits the giant cockroach but does no damage.
The giant cockroach misses you. Something hits you!
You die...

####r#
#..g.#
#####g####
#g....#
#r#####
#g#...#
#{##..#
#.##..#
#.##@....#
#..B.###.#
####.#
#.####
#######
###+###...>#
#.....#
#......###.#
#.....#
#......# #
#...<.#
#......##
#.....#
####..##..
#.....#
#####'##.#


You could see a giant cockroach, a hobgoblin, a goblin and a rat.

Vanquished Creatures
  2 ball pythons (D:2)
  A bat (D:1)
  2 endoplasms
  2 giant cockroaches (D:1)
  A hobgoblin (D:1)
  2 kobolds
  2 rats (D:2)
12 creatures vanquished.

Notes
Turn   | Place    | Note
-------+----------+-------------------------------------------
     0 | D:1      | qw the Minotaur Hexslinger began the quest for the Orb.
     0 | D:1      | Reached XP level 1. HP: 16/16 MP: 1/1
     0 | D:1      | 0 ||| qw: Version: 0.3-a-46-gb1f654a
     0 | D:1      | 0 ||| qw: Game counter: 911
     0 | D:1      | 0 ||| qw: Melee chars always use a shield: true
     0 | D:1      | 0 ||| qw: God list: Okawaru
     0 | D:1      | 0 ||| qw: Allow faded altars: false
     0 | D:1      | 0 ||| qw: Do Orc after clearing Dungeon:15 true
     0 | D:1      | 0 ||| qw: Do second Lair branch before Depths: true
     0 | D:1      | 0 ||| qw: Lair rune preference: random
     0 | D:1      | 0 ||| qw: Goals: Normal
     0 | D:1      | 0 ||| PLANNING D:1-11
   494 | D:1      | Reached skill level 3 in Ranged Weapons
   494 | D:1      | Reached XP level 2. HP: 23/23 MP: 2/2
   694 | D:1      | 694 ||| UPGRADING to +0 pair of boots.
   699 | D:1      | 699 ||| READING scroll labelled VIGGAE INOESO.
   700 | D:1      | 700 ||| READING scroll labelled BUCLOLATYL.
   703 | D:1      | 703 ||| READING scroll labelled YTHODY OKHA.
   704 | D:1      | 704 ||| DROPPING scroll of poison.
   883 | D:2      | Noticed Sigmund
   888 | D:2      | 888 ||| FLEEEEING.
   891 | D:2      | 891 ||| FLEEEEING.
   892 | D:2      | 892 ||| FLEEEEING.
   894 | D:2      | 894 ||| FLEEEEING.
   897 | D:2      | 897 ||| FLEEEEING.
   901 | D:2      | HP: 6/24 [something/puff of flame (11)]
   902 | D:2      | Mangled by Sigmund

Levels and vault maps discovered:
D:1:      eino_arrival_water_cross, layout_basic, minmay_misc_feat_pillars,
          minmay_misc_feat_hallway, minmay_cut_off
D:2:      layout_basic, uniq_sigmund, uniq_natasha

Skill      XL: |  1 |
---------------+----+-----
Ranged Weapons | 3 |  3.1
Fighting       | |  1.8
Dodging        | |  2.1
Spellcasting   | |  1.0
Hexes          | |  2.0

Action                     || total
---------------------------++-------
   Fire: Sling             ||    39
    Use: Scroll            ||     3
 Armour: Robe              ||     4
  Dodge: Dodged            ||     8

Table legend:
 A = Non-vault XP
 B = Vault XP
 C = Vault XP percentage of total XP
 D = Non-vault monster count
 E = Vault monster count
 F = Vault count percentage of total count
                 A         B        C        D         E       F
            +---------+---------+-------+---------+---------+-------
      Total |      17 |       4 |  19.0 |      10 |       2 |  16.7
            +---------+---------+-------+---------+---------+-------
        D:1 |       8 |       4 |  33.3 |       4 |       2 |  33.3
        D:2 |       9 |       0 |   0.0 |       6 |       0 |   0.0
            +---------+---------+-------+---------+---------+-------
